 Dungeon Crawl Stone Soup version 0.30-a0-782-ge64f9170bb (webtiles) character file.

Game seed: 3684903215923810638

16 M4edhros the Charlatan (level 2, -11/18 HPs)
             Began as an Octopode Artificer on Feb 20, 2023.
             Mangled by an iguana (14 damage)
             ... on level 4 of the Dungeon.
             The game lasted 00:00:47 (576 turns).

M4edhros the Charlatan (Octopode Artificer)          Turns: 576, Time: 00:00:48

Health: -11/18     AC:  1    Str: 11    XL:     2   Next: 58%
Magic:  2/2        EV: 13    Int: 13    God:
Gold:   0          SH:  0    Dex: 12    Spells: 1/1 levels left

rFire   . . .      SeeInvis .    (no weapon)
rCold   . . .      Faith    .    (no shield)
rNeg    . . .      Spirit   .    (helmet restricted)
rPois   .          Reflect  .    (no amulet)
rElec   .          Harm     .    e - ring of wizardry
rCorr   .          Rampage  .    (no ring)
Will    .....                    (no ring)
Stlth   +++                      (no ring)
HPRegen 0.23/turn                (no ring)
MPRegen 0.08/turn                (no ring)
                                 (no ring)
                                 (no ring)

@: no status effects
A: almost no armour, amphibious, 8 rings, camouflage 1, gelatinous body 1,
(nimble swimmer 1), tentacles
a: no special abilities


You were on level 4 of the Dungeon.
You visited 1 branch of the dungeon, and saw 4 of its levels.

Inventory:

Missiles
 i - 6 poisoned darts
Jewellery
 e - a ring of wizardry (left tentacle)
Wands
 b - a wand of flame (13) (quivered)
 c - a wand of charming (15)
 d - a wand of iceblast (5)
Scrolls
 a - 2 scrolls of identify {unknown}
 g - a scroll of poison {unknown}
Potions
 f - 2 potions of curing {unknown}
 h - 2 potions of flight {unknown}


   Skills:
 + Level 1.5 Fighting
 * Level 3.1 Dodging
 - Level 1.3 Stealth
 - Level 3.2 Evocations


You had one spell level left.
You didn't know any spells.
Your spell library was empty.

Dungeon Overview and Level Annotations

Branches:
Dungeon (4/15)
 Temple: D:4-7

Altars:

Shops:
D:4 !


Innate Abilities, Weirdness & Mutations

You cannot wear most types of armour.
You are amphibious.
You can wear up to eight rings at the same time.
Your skin changes colour to match your surroundings (Stealth+).
Your rubbery body absorbs attacks. (AC +1, EV +1)
((You are camouflaged when in or above water. (Stealth+)))
You have tentacles for arms and can constrict up to eight enemies at once.


Message History

You climb downwards.
Found 5 poisoned darts.
Found Erotoaj's Distillery.
Found a stone staircase leading down and a stone staircase leading up.
There is a stone staircase leading up here.
There are monsters nearby!
There are monsters nearby!
The kobold shouts!
The iguana hisses angrily.
The ball python attacks as you move away!
The ball python bites you. The ball python closely misses you.
You closely miss the ball python. Your grab misses the ball python.
The ball python completely misses you. The ball python grabs you.
The ball python constricts you. The ball python bites you.
The ball python constricts you.
You closely miss the ball python. Your grab misses the ball python.
You squeeze the ball python.
You kill the ball python!
Aiming: Throw Flame
Press: ? - help, Shift-Dir - straight line, f - iguana
Aim: an iguana (75% to hit)
The puff of flame hits the iguana!
The iguana is heavily wounded.
You closely miss the iguana. Your grab misses the iguana.
The iguana is heavily wounded.
The iguana closely misses you.
You barely miss the iguana. You grab the iguana.
The iguana is heavily wounded.
You constrict the iguana, but do no damage.
The iguana bites you!
Ouch! That really hurt!
* * * LOW HITPOINT WARNING * * *
Aiming: Throw Flame
Press: ? - help, Shift-Dir - straight line, f/p - iguana
Aim: an iguana (heavily wounded, constricted by you, 100% to hit)
The puff of flame hits the iguana.
The iguana is severely wounded.
You constrict the iguana, but do no damage.
The iguana bites you!
Ouch! That really hurt!
You die...

### ####.##
#...<.# +...@.#
#########Kl##
......#8#8.8###
....K.........+
.#..8.<.∩.>.8#
#(.........##
#....8#8.8.#
.....####......
###.. #.......


You could see an iguana and a kobold.

Vanquished Creatures
  A dart slug (D:1)
  3 ball pythons
  3 endoplasms
  A giant cockroach (D:2)
  A bat (D:1)
  A frilled lizard (D:2)
  2 kobolds
  2 rats
14 creatures vanquished.

Notes
Turn   | Place    | Note
-------+----------+-------------------------------------------
     0 | D:1      | M4edhros the Octopode Artificer began the quest for the
                  | Orb.
     0 | D:1      | Reached XP level 1. HP: 13/13 MP: 1/1
   206 | D:1      | Found a faded altar of an unknown god.
   234 | D:1      | Reached XP level 2. HP: 15/18 MP: 2/2
   565 | D:4      | Found Erotoaj's Distillery.
   576 | D:4      | Mangled by an iguana

Illustrated notes

Levels and vault maps discovered:
D:1:      kilobyte_arrival_exit_the_forest, layout_loops_corners,
          hellmonk_ecumenical_altar_arch_garden, minmay_misc_feat_doors
D:2:      layout_basic, chequers_avenue
D:3:      layout_basic, st_stairs_5
D:4:      layout_gridville, mainiacjoe_overflow_concentric_impassable,
          lemuel_tele_altar, serial_shops, nicolae_stop_n_shop_2,
          nicolae_shop_bloodbath_and_beyond, nicolae_square_shop,
          minmay_pentangle

Skill      XL: |  1  2 |
---------------+-------+-----
Dodging        | 3 |  3.1
Fighting       | |  1.5
Stealth        | |  1.3
Evocations     | |  3.2

Action                     || total
---------------------------++-------
  Melee: Unarmed           ||    31
         Constrict         ||     8
         Tentacles         ||     9
         Punch             ||     1
  Evoke: Wand              ||     2
   Stab: Sleeping          ||     3
 Armour: Skin              ||     1
  Dodge: Dodged            ||    18

Table legend: (Time is in decaauts)
 A = Elapsed time spent in this place.
 B = Non-inter-level travel time spent in this place.
 C = Inter-level travel time spent in this place.
 D = Time resting spent in this place.
 E = Time spent auto-exploring this place.
 F = Levels seen in this place.
 G = Mean time per level.
                   A        B        C        D        E       F      G
               +--------+--------+--------+--------+--------+-----+--------+
         Total |    574 |    540 |     34 |      0 |    429 |   4 |  143.5 |
       Dungeon |    574 |    540 |     34 |      0 |    429 |   4 |  143.5 |
               +--------+--------+--------+--------+--------+-----+--------+

Top non-repeatable levels by time:
     D:1: 447 daAuts
     D:3: 59 daAuts
     D:2: 56 daAuts
     D:4: 10 daAuts
